 Dungeon Crawl Stone Soup version 0.21.1-1-g345015f (webtiles) character file.

337 gloomy the Skirmisher (level 6, 0/56 HPs)
             Began as a Minotaur Abyssal Knight on May 3, 2018.
             Was a Believer of Lugonu.
             Succumbed to an orc wizard's poison
             ... on level 3 of the Dungeon.
             The game lasted 00:15:20 (3406 turns).

gloomy the Skirmisher (Minotaur Abyssal Knight)     Turns: 3406, Time: 00:15:21

Health: 0/56       AC:  7    Str: 18 (19) XL:     6   Next: 28%
Magic:  6/6        EV:  9    Int:  7 (9)  God:    Lugonu [**....]
Gold:   65         SH:  8    Dex:  8 (9)  Spells: 5/5 levels left

rFire    . . .     SeeInvis .   a - +1 spear
rCold    . . .     Gourm    .   l - +0 shield
rNeg     . . .     Faith    .   b - +0 leather armour
rPois    .         Spirit   .   (helmet restricted)
rElec    .         Reflect  .   k - +2 cloak
rCorr    .         Harm     .   j - +0 pair of gloves
MR       .....                  (no boots)
Stlth    +.........             (no amulet)
HPRegen  0.18/turn              (no ring)
MPRegen  0.10/turn              (no ring)

@: lethally poisoned (0 -> -12)
A: retaliatory headbutt, hooves 1, horns 2, sense surroundings 1
a: Depart the Abyss, Bend Space, Renounce Religion


You were on level 3 of the Dungeon.
You worshipped Lugonu.
Lugonu was pleased with you.
You were not hungry.

You visited 1 branch of the dungeon, and saw 3 of its levels.
You visited the Abyss 1 time.

You collected 65 gold pieces.

Inventory:

Hand Weapons
 a - a +1 spear (weapon)
 i - a +0 club
 o - a +0 hunting sling
Missiles
 d - 6 poisoned needles (quivered)
 e - 127 stones
 f - 74 arrows
 m - 19 sling bullets
Armour
 b - a +0 leather armour (worn)
 h - a +0 robe
 j - a +0 pair of gloves (worn)
 k - a +2 cloak (worn)
 l - a +0 shield (worn)
Wands
 r - a wand of paralysis (3)
 s - a wand of flame (25)
Scrolls
 g - 2 scrolls of fear
 n - a scroll of remove curse
Comestibles
 c - a ration
 p - 5 chunks of flesh


   Skills:
 + Level 5.3 Fighting
 + Level 4.5 Polearms
 + Level 4.0 Armour
 - Level 2.7 Dodging
 - Level 0.7 Stealth
 + Level 2.1 Shields
 + Level 2.0 Invocations


You had 5 spell levels left.
You didn't know any spells.

Dungeon Overview and Level Annotations

Branches:
Dungeon (3/15)

Altars:


Innate Abilities, Weirdness & Mutations

You reflexively headbutt those who attack you in melee.
You have a pair of horns on your head.
You have large cloven feet.
You passively map a small area around you.


Message History

* * * LOW HITPOINT WARNING * * *
You feel sick.
* * * LOW HITPOINT WARNING * * *
You feel sick.
Things that are here:
a tomahawk; a leather armour; an orc corpse
* * * LOW HITPOINT WARNING * * *
You feel sick.
You see here a whip.
* * * LOW HITPOINT WARNING * * *
You feel sick.
You feel yourself slow down.
* * * LOW HITPOINT WARNING * * *
You feel sick.
* * * LOW HITPOINT WARNING * * *
You feel sick.
* * * LOW HITPOINT WARNING * * *
You feel sick.
You see here a whip.
You die...

#. .## #.* ,
...###. * * ,
.....#. * #..... ,
, , .#.....##* *
........# , ,
......#.###.# * * *
#....@....#
#####)##### #(#
#+## ##.## ##...##
#...# #.....##
###...# .......##
##.#...#
........####...#.##
........+........#


There were no monsters in sight!

Vanquished Creatures
  An ice beast (D:2)
  A phantom (D:3)
  Ijyb (D:3)
  A worker ant (D:3)
  5 adders
  A worm (D:3)
  A dart slug (D:2)
  The ghost of Iko the Ducker, a weakling SpCK of Xom (D:3)
  2 orcs (D:3)
  10 bats
  A giant cockroach (D:1)
  5 goblins
  8 hobgoblins
  4 jackals (D:2)
  5 kobolds
  3 quokkas (D:2)
  A ball python (D:1)
  5 frilled lizards
  6 rats
  4 toadstools (D:1)
66 creatures vanquished.

Notes
Turn   | Place    | Note
-------+----------+-------------------------------------------
     0 | Abyss:1  | gloomy the Minotaur Abyssal Knight began the quest for the Orb.
     0 | Abyss:1  | Reached XP level 1. HP: 19/19 MP: 1/1
    48 | Abyss:1  | Noticed a raiju
    51 | Abyss:1  | Noticed a small abomination
    51 | Abyss:1  | Noticed an iron imp
    52 | D:1      | Escaped the Abyss
   474 | D:1      | Gained mutation: You have large cloven feet. [potion of mutation]
   474 | D:1      | Gained mutation: You passively map a small area around you. [potion of mutation]
   499 | D:1      | Reached skill level 4 in Fighting
   514 | D:1      | Reached XP level 2. HP: 27/27 MP: 2/2
   605 | D:1      | Reached * piety under Lugonu
  1338 | D:2      | Reached XP level 3. HP: 28/34 MP: 3/3
  1709 | D:2      | Noticed an ice beast
  1724 | D:2      | Killed an ice beast
  1724 | D:2      | Reached skill level 5 in Fighting
  1724 | D:2      | Reached XP level 4. HP: 8/42 MP: 4/4
  1724 | D:2      | Reached XP level 5. HP: 9/48 MP: 5/5
  2837 | D:3      | Noticed a phantom
  2854 | D:3      | Noticed Iko's ghost (weakling SpCK)
  2870 | D:3      | Killed Iko's ghost
  2870 | D:3      | Reached ** piety under Lugonu
  2876 | D:3      | Killed a phantom
  2876 | D:3      | Reached skill level 1 in Shields
  2889 | D:3      | Reached XP level 6. HP: 47/56 MP: 6/6
  3240 | D:3      | Noticed Ijyb
  3243 | D:3      | Paralysed by Ijyb for 4 turns
  3253 | D:3      | Paralysed by Ijyb for 4 turns
  3259 | D:3      | Killed Ijyb
  3404 | D:3      | HP: 2/56 [poisoned by an orc wizard]
  3406 | D:3      | Succumbed to an orc wizard's poison

Skill      XL: |  1  2  3  4  5  6 |
---------------+-------------------+-----
Fighting       | 4 5 |  5.3
Armour         | 3 4 |  4.0
Polearms       | 3 4 |  4.5
Dodging        | 2 |  2.7
Invocations    | 2 |  2.0
Shields        | 1 2 |  2.1
Stealth        | |  0.7

Action                   |  1- 3 |  4- 6 || total
-------------------------+-------+-------++-------
Melee: Spear             |    97 |   149 ||   246
       Headbutt          |     6 |    18 ||    24
       Kick              |    11 |    19 ||    30
Invok: Depart the Abyss  |     1 |       ||     1
  Use: Potion            |     3 |     4 ||     7
       Scroll            |     3 |     6 ||     9
  Eat: Chunk             |     2 |     6 ||     8
       Ration            |       |     1 ||     1
Armor: Leather armour    |    29 |    29 ||    58
       Robe              |     5 |       ||     5
Dodge: Dodged            |    40 |    20 ||    60
Block: Shield            |    23 |    49 ||    72
